 Dungeon Crawl Stone Soup version bcrawl-1.29.2 (console) character file.

Game seed: 11397973808078041514

326912 GodsVoicemail the Archer (level 11, -1/85 HPs)
             Began as a Centaur Hunter on Mar 8, 2021.
             Was a High Priest of Okawaru.
             Slain by a komodo dragon (23 damage)
             ... on level 2 of the Lair of Beasts.
             The game lasted 00:49:24 (10889 turns).

GodsVoicemail the Archer (Centaur Hunter)          Turns: 10889, Time: 00:49:24

Health: -1/85      AC: 12    Str: 17    XL:     11   Next: 22%
Magic:  25/25      EV:  7    Int: 17    God:    Okawaru [*****.]
Gold:   667        SH:  0    Dex: 10    Spells: 11/17 levels left

rFire    . . .     SeeInvis .   b - +4 shortbow {flame, rPois Int+2}
rCold    + . .     Gourm    .   (shield currently unavailable)
rNeg     . . .     Faith    .   M - +1 leather armour of Least Resistance {MR+ Int+4 Dex-3}
rPois    +         Spirit   .   (no helmet)
rElec    .         Reflect  .   S - +0 cloak
rCorr    .         Harm     .   J - +1 pair of gloves
MR       +....                  t - +0 barding
Stlth    +.........             y - amulet of rage
HPRegen  0.24/turn              C - ring of protection from cold
MPRegen  0.19/turn              L - ring of magical power

@: lethally poisoned (-1 -> -2), berserk cooldown, slowed
A: large, hooves 3, deformed body, herbivore, speed 2, tough skin 3
a: Heroism, Finesse, Renounce Religion, Evoke Berserk Rage


You were on level 2 of the Lair of Beasts.
You worshipped Okawaru.
Okawaru was extremely pleased with you.
You were very hungry.

You visited 2 branches of the dungeon, and saw 10 of its levels.
You also visited: Gauntlet.

You collected 749 gold pieces.
You spent 82 gold pieces at shops.

Inventory:

Hand Weapons
 b - the +4 shortbow of Poverty (weapon) {flame, rPois Int+2}
   (You found it on level 6 of the Dungeon)

   It causes projectiles fired from it to surge with flame as they hit,
   increasing damage dealt by approximately one third against foes not resistant
   or susceptible to fire.
   It affects your intelligence (+2).
   It protects you from poison.
 q - a +0 blowgun
 w - a +0 hunting sling
 I - a +3 shortbow
 N - a +0 hand crossbow
Missiles
 d - 1394 arrows (quivered)
 j - 2125 stones
 l - 608 sling bullets
 m - 130 poisoned needles
 r - 801 bolts
Armour
 c - a +0 leather armour
 k - a +0 ring mail
 t - a +0 barding (worn)
 v - a +0 robe of fire resistance
 z - a +3 plate armour
 J - a +1 pair of gloves (worn)
 M - the +1 leather armour of Least Resistance (worn) {MR+ Int+4 Dex-3}
   (You took it off a gnoll on level 7 of the Dungeon)

   It affects your intelligence (+4).
   It affects your dexterity (-3).
   It affects your resistance to hostile enchantments.
 S - a +0 cloak (worn)
Jewellery
 f - an uncursed amulet of faith
 y - an amulet of rage (around neck)
 C - a ring of protection from cold (left hand)
 L - a ring of magical power (right hand)
 O - an uncursed ring of flight
Wands
 n - a wand of iceblast (17)
 E - a wand of polymorph (17)
Scrolls
 g - 3 scrolls of remove curse
 h - 9 scrolls of teleportation {unknown}
 i - 12 scrolls of identify
 o - a scroll of immolation {unknown}
 u - 2 scrolls of blinking {unknown}
 D - a scroll of enchant weapon
 F - a scroll of enchant armour {unknown}
 G - a scroll of fear {unknown}
 H - 3 scrolls of fog {unknown}
 P - a scroll of magic mapping {unknown}
 Q - a scroll of noise {unknown}
Potions
 a - 3 potions of flight {unknown}
 p - 3 potions of curing
 s - 3 potions of brilliance
 x - a potion of heal wounds
 A - 4 potions of might {unknown}
 B - 2 potions of lignification
 K - a potion of degeneration {unknown}
 R - a potion of magic {unknown}
Comestibles
 e - 7 rations {!d}


   Skills:
 - Level 4.6 Fighting
 * Level 13.3 Bows
 - Level 2.0 Throwing
 + Level 2.1 Dodging
 - Level 0.5 Stealth
 * Level 9.7 Unarmed Combat
 + Level 3.9 Spellcasting
 - Level 4.0 Charms
 - Level 3.2 Summonings
 - Level 4.2 Translocations
 + Level 3.3 Invocations
 - Level 4.0 Evocations


You had 11 spell levels left.
You knew the following spells:

 Your Spells              Type           Power        Failure   Level  Hunger
a - Blink                 Tloc           N/A          5%          2    None
b - Song of Slaying       Chrm           ###.....     5%          2    None
c - Summon Small Mammal   Summ           ##..         4%          1    None
d - Summon Butterflies    Summ           ##......     4%          1    None

Your spell library contained the following spells:

 Spells                   Type           Power        Failure   Level  Hunger
 Call Imp                 Summ           ##....       8%          2    None
 Call Canine Familiar     Summ           ##......     16%         3    ###....
 Shackle                  Hex            #.......     30%         2    None
 Sublimation of Blood     Necr           #.........   30%         2    None
 False Image              Hex/Summ       #.......     30%         3    ###....
 Summon Ice Beast         Ice/Summ       #.......     69%         4    #####..
 Summon Lightning Spire   Summ/Air       #.......     95%         5    ######.
 Monstrous Menagerie      Summ           ##........   100%        7    #######
 Dragon's Call            Summ           ##........   100%        9    #######


Dungeon Overview and Level Annotations

Branches:
Dungeon (8/12)             Temple (0/1) D:6            Lair (2/6) D:8
    Orc (0/1) D:8
  Swamp: Lair:2-4    Shoals: Lair:2-4     Snake: Lair:2-4    Spider: Lair:2-4

Altars:
Ashenzari
Elyvilon
Fedhas
Gozag
Hepliaklqana
Okawaru
Sif Muna
Xom
Yredelemnul

Shops:
D:5 !   D:7 *   D:8 }

Annotations:
D:4 2 transporters


Innate Abilities, Weirdness & Mutations

You have hooves in place of feet.
Armour fits poorly on your strangely shaped body.
You are a herbivore.
You cover ground very quickly.
You have extremely tough skin. (AC +3)


Message History

Firing (i - inventory. (/) - cycle)
d - 1396 arrows (quivered)
Press: ? - help, Shift-Dir - straight line, f/p - komodo dragon
Aim: a komodo dragon (heavily wounded)
You shoot an arrow.
The arrow closely misses the komodo dragon.
You feel sick.
The komodo dragon bites you but does no damage.
Firing (i - inventory. (/) - cycle)
d - 1395 arrows (quivered)
Press: ? - help, Shift-Dir - straight line, f/p - komodo dragon
Aim: a komodo dragon (heavily wounded)
You are feeling very hungry.
You shoot an arrow.
The arrow hits the komodo dragon but does no damage.
The komodo dragon is heavily wounded.
The komodo dragon bites you!
* * * LOW HITPOINT WARNING * * *
You feel much better.
You feel sick. The komodo dragon bites you!
* * * LOW HITPOINT WARNING * * *
The komodo dragon bites you!!
You die...

.#. #.. .. #. #.##
#.l## .....P.#.## ##
........#.####.#.###
#.#.##...#..l@.....#
# # #...#.#######..#
##...# #.## #. #.


You could see a komodo dragon.

Vanquished Creatures
  A centaur warrior (D:8)
  A two-headed ogre (D:8)
  A centaur zombie (D:8)
  A cane toad (Lair:2)
  2 rime drakes
  A komodo dragon (Lair:1)
  A troll (D:8)
  3 hippogriffs
  Sigmund (D:3)
  2 yaks (Lair:2)
  A steam dragon (D:7)
  An acid dragon (Lair:1)
  5 water moccasins
  3 crocodiles
  A porcupine (Lair:2)
  5 orc warriors
  2 ice beasts (D:8)
  A sky beast (D:4)
  A black bear (D:5)
  An ogre (D:5)
  2 necrophages (D:7)
  3 wolves (D:8)
  3 centaurs
  2 big kobolds
  2 bullfrogs (D:7)
  A gnoll sergeant (D:7)
  A killer bee (D:4)
  A scorpion (D:8)
  13 wights
  7 electric eels (D:8)
  2 howler monkeys
  4 crimson imps
  7 hounds
  2 orc priests
  4 centaur skeletons
  2 jellies
  An iguana (D:4)
  Jessica (D:3)
  Ijyb (D:3)
  5 orc wizards
  7 worker ants
  A worker ant zombie (D:5)
  4 gnolls (D:7)
  7 adders
  2 howler monkey skeletons
  A shadow imp (D:5)
  3 oozes
  An adder zombie (D:7)
  An adder skeleton (D:5)
  A worm (D:3)
  4 dart slugs
  5 leopard geckos
  18 orcs
  3 bats
  4 giant cockroaches
  5 goblins
  10 hobgoblins
  14 jackals
  16 kobolds
  5 quokkas
  2 frilled lizards
  A quokka skeleton (D:5)
  5 rats
219 creatures vanquished.

Vanquished Creatures (others)
  5 fungi
5 creatures vanquished.

Grand Total: 224 creatures vanquished

Notes
Turn   | Place    | Note
-------+----------+-------------------------------------------
     0 | D:1      | GodsVoicemail the Centaur Hunter began the quest for the
                  | Orb.
     0 | D:1      | Reached XP level 1. HP: 17/17 MP: 1/1
   146 | D:1      | Reached skill level 1 in Unarmed Combat
   239 | D:1      | Reached XP level 2. HP: 18/24 MP: 2/2
   948 | D:1      | Reached skill level 6 in Bows
  1197 | D:2      | Reached XP level 3. HP: 29/29 MP: 3/3
  1849 | D:3      | Reached XP level 4. HP: 34/36 MP: 4/4
  1860 | D:3      | Noticed Jessica
  1869 | D:3      | Killed Jessica
  2344 | D:3      | Found a shattered altar of Ashenzari.
  2480 | D:3      | Reached skill level 7 in Bows
  2532 | D:3      | Reached XP level 5. HP: 28/41 MP: 5/5
  2624 | D:3      | Noticed Ijyb
  2630 | D:3      | Noticed Sigmund
  2638 | D:3      | Killed Ijyb
  3018 | D:4      | Found a blossoming altar of Fedhas.
  3019 | D:4      | Noticed a sky beast
  3032 | D:4      | Killed a sky beast
  3033 | D:4      | Reached skill level 1 in Evocations
  3033 | D:4      | Reached XP level 6. HP: 48/48 MP: 6/6
  3231 | D:4      | Found a transporter.
  3270 | D:4      | Found a transporter.
  3329 | D:4      | Reached skill level 8 in Bows
  3715 | D:5      | Entered Level 5 of the Dungeon
  4030 | D:5      | Reached XP level 7. HP: 55/55 MP: 8/8
  4242 | D:5      | Found a white marble altar of Elyvilon.
  4312 | D:5      | Reached skill level 5 in Unarmed Combat
  4496 | D:5      | Found Ziaphi's Distillery.
  4504 | D:5      | Bought a potion of curing for 27 gold pieces
  4504 | D:5      | Bought a potion of heal wounds for 55 gold pieces
  4555 | D:5      | Reached skill level 9 in Bows
  4885 | D:6      | Reached XP level 8. HP: 60/61 MP: 10/10
  5047 | D:6      | Found an iron altar of Okawaru.
  5047 | D:6      | Found a faded altar of an unknown god.
  5053 | D:6      | Found a faded altar of an unknown god.
  5058 | D:6      | Found a shimmering blue altar of Sif Muna.
  5059 | D:6      | Found a basalt altar of Yredelemnul.
  5168 | D:6      | Became a worshipper of Warmaster Okawaru
  5261 | D:6      | Reached skill level 10 in Bows
  5318 | D:6      | Got a polished shortbow
  5364 | D:6      | Found a staircase to the Ecumenical Temple.
  5364 | D:6      | Noticed a hippogriff
  5371 | D:6      | Identified the +4 shortbow of Poverty {flame, rPois Int+2}
                  | (You found it on level 6 of the Dungeon)
  5380 | D:6      | Killed a hippogriff
  5615 | D:6      | Noticed a hippogriff
  5627 | D:6      | Killed a hippogriff
  5627 | D:6      | Reached * piety under Okawaru
  5801 | D:6      | Reached skill level 11 in Bows
  6157 | D:6      | Found an opulent altar of Gozag.
  6328 | D:7      | Found Sidufiyr's Assorted Antiques.
  6389 | D:7      | Reached XP level 9. HP: 68/68 MP: 12/12
  6397 | D:7      | Reached skill level 1 in Throwing
  6817 | D:7      | Reached ** piety under Okawaru
  6974 | D:7      | Identified Easy Spellcraft
  6992 | D:6      | Learned a level 2 spell: Blink
  6995 | D:6      | Learned a level 2 spell: Song of Slaying
  6997 | D:6      | Learned a level 1 spell: Summon Small Mammal
  7120 | D:7      | Found a shimmering altar of Xom.
  7121 | D:7      | Found a hazy altar of Hepliaklqana.
  7122 | D:7      | Noticed a spectral ugly thing
  7217 | D:7      | Reached skill level 12 in Bows
  7217 | D:7      | Reached skill level 1 in Charms
  7238 | D:7      | Reached skill level 1 in Translocations
  7691 | D:7      | Reached skill level 1 in Spellcasting
  7691 | D:7      | Reached skill level 1 in Summonings
  7706 | D:7      | Identified the +1 leather armour of Least Resistance {MR+
                  | Int+4 Dex-3}
  7850 | D:3      | Killed Sigmund
  8345 | D:8      | Reached *** piety under Okawaru
  8359 | D:8      | Found Copluf's Gadget Boutique.
  8434 | D:8      | Reached skill level 1 in Invocations
  8434 | D:8      | Reached XP level 10. HP: 78/78 MP: 13/13
  8482 | D:8      | Noticed a two-headed ogre
  8495 | D:8      | Killed a two-headed ogre
  8495 | D:8      | Received a gift from Okawaru
  8495 | D:8      | Reached **** piety under Okawaru
  8531 | D:8      | Noticed a centaur warrior
  8540 | D:8      | Killed a centaur warrior
  8625 | D:8      | Found a staircase to the Orcish Mines.
  8671 | D:8      | Received a gift from Okawaru
  9186 | D:8      | Received a gift from Okawaru
  9526 | D:8      | Found a staircase to the Lair.
  9641 | Lair:1   | Entered Level 1 of the Lair of Beasts
  9758 | Lair:1   | Identified the Grimoire of Slavery
  9764 | Lair:1   | Learned a level 1 spell: Summon Butterflies
 10080 | Lair:1   | Found a gate leading to a gauntlet.
 10088 | Gauntlet | Entered a Gauntlet
 10088 | Gauntlet | Found a transporter.
 10088 | Gauntlet | Found a transporter.
 10103 | Gauntlet | Found a transporter.
 10109 | Gauntlet | Found a transporter.
 10118 | Gauntlet | Noticed a ghost crab
 10119 | Gauntlet | Found a transporter.
 10140 | Gauntlet | Found a transporter.
 10140 | Gauntlet | Noticed an oklob plant
 10156 | Gauntlet | Found a transporter.
 10156 | Gauntlet | Noticed a worldbinder
 10157 | Gauntlet | Found a transporter.
 10174 | Gauntlet | Found a transporter.
 10193 | Gauntlet | Found a transporter.
 10325 | Lair:1   | Reached skill level 13 in Bows
 10325 | Lair:1   | Reached XP level 11. HP: 85/85 MP: 16/16
 10778 | Lair:2   | Reached ***** piety under Okawaru
 10797 | Lair:2   | Received a gift from Okawaru
 10889 | Lair:2   | Slain by a komodo dragon

Skill      XL: |  1  2  3  4  5  6  7  8  9 10 11 |
---------------+----------------------------------+-----
Unarmed Combat | 1 2 3 4 5 7 8 9 |  9.7
Bows           | 6 7 8 9 11 12 13 | 13.3
Evocations     | 1 3 4 |  4.0
Throwing       | 2 |  2.0
Fighting       | 3 4 |  4.6
Charms         | 2 4 |  4.0
Translocations | 2 4 |  4.2
Spellcasting   | 1 3 |  3.9
Summonings     | 1 3 |  3.2
Invocations    | 1 2 3 |  3.3
Dodging        | 2 |  2.1
Stealth        | |  0.5

Action                   |  1- 3 |  4- 6 |  7- 9 | 10-12 || total
-------------------------+-------+-------+-------+-------++-------
Melee: Short sword       |   110 |     1 |       |       ||   111
       Kick              |    24 |    31 |    69 |    33 ||   157
       Unarmed           |       |   159 |   253 |   108 ||   520
       Punch             |       |     2 |     9 |     3 ||    14
 Fire: Shortbow          |     2 |    18 |    89 |   119 ||   228
       Hunting sling     |       |    71 |    28 |     6 ||   105
Throw: Stone             |     2 |     1 |     2 |    11 ||    16
 Cast: Song of Slaying   |       |       |       |     1 ||     1
 Abil: Evoke Berserk Rag |       |     2 |     5 |     4 ||    11
Evoke: Wand              |       |       |       |     2 ||     2
  Use: Scroll            |     1 |     1 |     3 |       ||     5
       Potion            |       |     2 |       |     1 ||     3
 Stab: Sleeping          |       |       |       |     1 ||     1
  Eat: Ration            |     1 |     4 |     6 |     3 ||    14
Armor: Leather armour    |    23 |       |       |    11 ||    34
       Ring mail         |    15 |    37 |       |       ||    52
       Plate armour      |       |    76 |   141 |       ||   217
       Skin              |       |     1 |       |       ||     1
       Robe              |       |       |    12 |    23 ||    35
Dodge: Dodged            |    29 |    27 |     9 |    29 ||    94
